| TOP OF THE 1ST |
|
St. Louis Cardinals batting - Pitching for Milwaukee Brewers : RHP Oleg Bahanov
|
|
Pitching: RHP Oleg Bahanov
|
|
|
Batting: RHB Nick Gentzel
|
0-0: Ball 1-0: Ball 2-0: Fly out, F7 (Flyball, 7, EV 95.0 MPH)
|
|
Batting: LHB Tommy Luce
|
0-0: Ball 1-0: Swinging Strike 1-1: Ball 2-1: Ball 3-1: Called Strike 3-2: Foul Ball, location: 2F 3-2: Strikes out swinging
|
|
Batting: LHB John Blair
|
0-0: Ball 1-0: Ball 2-0: Called Strike 2-1: Foul Ball, location: 2F 2-2: Hit by Pitch
|
|
Batting: LHB Ben Rubenacker
|
0-0: Ball 1-0: Called Strike John Blair steals 2nd base (no throw) 1-1: SINGLE (Flyball, 7LS, EV 86.2 MPH) John Blair to third Runner from 3rd tries for Home, SAFE, throw by LF to home
|
|
Batting: RHB Tenshou Takita
|
0-0: Ground out 6-3 (Groundball, 6S, EV 76.9 MPH)
|
| Top of the 1st over - 1 run, 1 hit, 0 errors, 1 left on base; St. Louis 1 - Milwaukee 0 |
| BOTTOM OF THE 1ST |
|
Milwaukee Brewers batting - Pitching for St. Louis Cardinals : RHP Josh Sabatino
|
|
Pitching: RHP Josh Sabatino
|
|
|
Batting: RHB Daniel Donovan
|
0-0: Ground out 5-3 (Groundball, 56, EV 103.8 MPH)
|
|
Batting: RHB Jason Gee
|
0-0: Foul Ball, location: 2F 0-1: Ball 1-1: Bunted foul 1-2: Foul Ball, location: 2F 1-2: SOLO HOME RUN (Flyball, 7D, EV 100.0 MPH), Distance : 397 ft
|
|
Batting: SHB Jason Woods
|
0-0: Ground out U3 (Groundball, 3L, EV 111.2 MPH)
|
|
Batting: RHB Adriaan Pieters
|
0-0: Ball 1-0: Called Strike 1-1: Fly out, F7 (Flyball, 78S, EV 93.8 MPH)
|
| Bottom of the 1st over - 1 run, 1 hit, 0 errors, 0 left on base; St. Louis 1 - Milwaukee 1 |
| TOP OF THE 2ND |
|
St. Louis Cardinals batting - Pitching for Milwaukee Brewers : RHP Oleg Bahanov
|
|
Batting: RHB Bobby Scholl
|
0-0: Swinging Strike 0-1: Called Strike 0-2: Ball 1-2: Ball 2-2: Foul Ball, location: 2F 2-2: Ball 3-2: Foul Ball, location: 2F 3-2: Foul Ball, location: 2F 3-2: SINGLE (Line Drive, 7LS, EV 89.4 MPH)
|
|
Batting: RHB Sergio Godinez
|
0-0: Ball 1-0: Fly out, F4 (Flyball, 34D, EV 85.6 MPH)
|
|
Batting: RHB Rick O'Reilly
|
0-0: Ball 1-0: Ball 2-0: SINGLE (Line Drive, 78S, EV 89.4 MPH) Bobby Scholl to second
|
|
Batting: RHB Dustin Clark
|
0-0: Called Strike 0-1: Ball 1-1: Foul Ball, location: 2F 1-2: Strikes out swinging
|
|
Batting: RHB Nick Gentzel
|
0-0: Fielders Choice at 2nd, 6-4 (Groundball, 6, EV 86.9 MPH)
|
| Top of the 2nd over - 0 runs, 2 hits, 0 errors, 2 left on base; St. Louis 1 - Milwaukee 1 |
| BOTTOM OF THE 2ND |
|
Milwaukee Brewers batting - Pitching for St. Louis Cardinals : RHP Josh Sabatino
|
|
Batting: LHB Jeff Taylor
|
0-0: Foul Ball, location: 2F 0-1: Called Strike 0-2: Strikes out looking
|
|
Batting: RHB Bobby Muniz
|
0-0: SOLO HOME RUN (Flyball, 7D, EV 99.4 MPH), Distance : 398 ft
|
|
Batting: SHB Jean-François Bernard
|
0-0: Called Strike 0-1: Called Strike 0-2: Ball 1-2: Ball 2-2: Foul Ball, location: 2F 2-2: Foul Ball, location: 2F 2-2: Strikes out swinging
|
|
Batting: RHB Yuichi Matsuoka
|
0-0: Ball 1-0: Foul Ball, location: 2F 1-1: Ground out 6-3 (Groundball, 56, EV 89.4 MPH)
|
| Bottom of the 2nd over - 1 run, 1 hit, 0 errors, 0 left on base; St. Louis 1 - Milwaukee 2 |
| TOP OF THE 3RD |
|
St. Louis Cardinals batting - Pitching for Milwaukee Brewers : RHP Oleg Bahanov
|
|
Batting: LHB Tommy Luce
|
0-0: Ball 1-0: Swinging Strike 1-1: Ball 2-1: Foul Ball, location: 2F 2-2: Foul Ball, location: 2F 2-2: Ball 3-2: Foul Ball, location: 2F 3-2: Foul Ball, location: 2F 3-2: Fly out, F7 (Flyball, 78M, EV 85.0 MPH)
|
|
Batting: LHB John Blair
|
0-0: Ball 1-0: Ground out 4-3 (Groundball, 4D, EV 104.4 MPH)
|
|
Batting: LHB Ben Rubenacker
|
0-0: Ball 1-0: Swinging Strike 1-1: Ground out 3-1 (Groundball, 34, EV 79.4 MPH)
|
| Top of the 3rd over - 0 runs, 0 hits, 0 errors, 0 left on base; St. Louis 1 - Milwaukee 2 |
| BOTTOM OF THE 3RD |
|
Milwaukee Brewers batting - Pitching for St. Louis Cardinals : RHP Josh Sabatino
|
|
Batting: RHB Kisho Ito
|
0-0: Fly out, F6 (Popup, 56, EV 78.8 MPH)
|
|
Batting: RHB Daniel Donovan
|
0-0: Ball 1-0: Swinging Strike 1-1: Ball 2-1: Called Strike 2-2: DOUBLE (Flyball, 8RXD, EV 97.5 MPH)
|
|
Batting: RHB Jason Gee
|
0-0: Swinging Strike 0-1: Ball 1-1: Ball 2-1: Foul Ball, location: 2F 2-2: Ground out 6-3 (Groundball, 6, EV 83.1 MPH) Daniel Donovan to third
|
|
Batting: SHB Jason Woods
|
0-0: Called Strike 0-1: DOUBLE (Line Drive, 89XD, EV 102.5 MPH) Daniel Donovan scores
|
|
Batting: RHB Adriaan Pieters
|
0-0: Ball 1-0: Fly out, F8 (Line Drive, 8RD, EV 98.1 MPH)
|
| Bottom of the 3rd over - 1 run, 2 hits, 0 errors, 1 left on base; St. Louis 1 - Milwaukee 3 |
| TOP OF THE 4TH |
|
St. Louis Cardinals batting - Pitching for Milwaukee Brewers : RHP Oleg Bahanov
|
|
Batting: RHB Tenshou Takita
|
0-0: Ball 1-0: Foul Ball, location: 2F 1-1: Ball 2-1: Fly out, F8 (Flyball, 89S, EV 90.6 MPH)
|
|
Batting: RHB Bobby Scholl
|
0-0: Ball 1-0: Swinging Strike 1-1: Ball 2-1: Swinging Strike 2-2: Foul Ball, location: 2F 2-2: Strikes out swinging
|
|
Batting: RHB Sergio Godinez
|
0-0: Ball 1-0: Called Strike 1-1: Foul Ball, location: 2F 1-2: Fly out, F9 (Flyball, 89M, EV 81.9 MPH)
|
| Top of the 4th over - 0 runs, 0 hits, 0 errors, 0 left on base; St. Louis 1 - Milwaukee 3 |
| BOTTOM OF THE 4TH |
|
Milwaukee Brewers batting - Pitching for St. Louis Cardinals : RHP Josh Sabatino
|
|
Batting: LHB Jeff Taylor
|
0-0: Reached on error, E4 (Groundball, 4, EV 77.5 MPH)
|
|
Batting: RHB Bobby Muniz
|
0-0: Ball 1-0: Called Strike 1-1: Foul Ball, location: 2F 1-2: Strikes out swinging
|
|
Batting: SHB Jean-François Bernard
|
0-0: Ball 1-0: Foul Ball, location: 2F 1-1: Ball 2-1: Ball 3-1: Base on Balls
|
|
Batting: RHB Yuichi Matsuoka
|
0-0: Ball 1-0: Ball 2-0: Ball 3-0: Base on Balls Jeff Taylor to third Jean-François Bernard to second
|
|
Batting: RHB Kisho Ito
|
0-0: Called Strike 0-1: Ball 1-1: DOUBLE (Line Drive, 7LM, EV 105.6 MPH) Jeff Taylor scores Jean-François Bernard scores Yuichi Matsuoka to third
|
|
Pitching: RHP Chad Steffee
|
|
|
Batting: RHB Daniel Donovan
|
0-0: Ball 1-0: Foul Ball, location: 2F 1-1: Called Strike 1-2: Ground out 5-3 (Groundball, 56, EV 76.9 MPH)
|
|
Batting: RHB Jason Gee
|
0-0: Called Strike 0-1: Foul Ball, location: 2F 0-2: Ball 1-2: Ground out U3 (Groundball, 34, EV 102.5 MPH)
|
| Bottom of the 4th over - 2 runs, 1 hit, 1 error, 2 left on base; St. Louis 1 - Milwaukee 5 |
| TOP OF THE 5TH |
|
St. Louis Cardinals batting - Pitching for Milwaukee Brewers : RHP Oleg Bahanov
|
|
Batting: RHB Rick O'Reilly
|
0-0: Called Strike 0-1: SINGLE (Groundball, 6M, EV 105.0 MPH)
|
|
Batting: RHB Dustin Clark
|
0-0: Ball Rick O'Reilly steals 2nd base 1-0: Called Strike 1-1: Ball 2-1: Called Strike 2-2: Ball 3-2: Ground out 6-3 (Groundball, 6, EV 99.4 MPH)
|
|
Batting: RHB Nick Gentzel
|
0-0: Swinging Strike 0-1: Foul Ball, location: 2F 0-2: Ball 1-2: Strikes out swinging
|
|
Batting: LHB Tommy Luce
|
0-0: Ground out 5-3 (Groundball, 56, EV 83.1 MPH)
|
| Top of the 5th over - 0 runs, 1 hit, 0 errors, 1 left on base; St. Louis 1 - Milwaukee 5 |
| BOTTOM OF THE 5TH |
|
Milwaukee Brewers batting - Pitching for St. Louis Cardinals : RHP Chad Steffee
|
|
Batting: SHB Jason Woods
|
0-0: Called Strike 0-1: Ball 1-1: Ball 2-1: Ball 3-1: Base on Balls
|
|
Batting: RHB Adriaan Pieters
|
0-0: SINGLE (Line Drive, 8RS, EV 104.4 MPH) Jason Woods to second
|
|
Batting: LHB Jeff Taylor
|
0-0: Called Strike 0-1: Ball 1-1: Fly out, F8 (Flyball, 8RXD, EV 79.4 MPH) Runner from 2nd tags up, SAFE at 3rd, no throw by CF
|
|
Batting: RHB Bobby Muniz
|
0-0: Called Strike Adriaan Pieters steals 2nd base 0-1: Ball 1-1: Ball 2-1: Ball 3-1: Ground out 4-3 (Groundball, 4, EV 92.5 MPH)
|
|
Batting: SHB Jean-François Bernard
|
0-0: Ball 1-0: Ground out 4-3 (Groundball, 4, EV 80.0 MPH)
|
| Bottom of the 5th over - 0 runs, 1 hit, 0 errors, 2 left on base; St. Louis 1 - Milwaukee 5 |
| TOP OF THE 6TH |
|
St. Louis Cardinals batting - Pitching for Milwaukee Brewers : RHP Oleg Bahanov
|
|
Batting: LHB John Blair
|
0-0: Called Strike 0-1: Swinging Strike 0-2: Ball 1-2: Foul Ball, location: 2F 1-2: Ball 2-2: Ball 3-2: Strikes out swinging
|
|
Batting: LHB Ben Rubenacker
|
0-0: Ball 1-0: Ground out U3 (Groundball, 34, EV 85.6 MPH)
|
|
Batting: RHB Tenshou Takita
|
0-0: Called Strike 0-1: Ball 1-1: Ball 2-1: Ball 3-1: Ground out 5-3 (Groundball, 56, EV 87.5 MPH)
|
| Top of the 6th over - 0 runs, 0 hits, 0 errors, 0 left on base; St. Louis 1 - Milwaukee 5 |
| BOTTOM OF THE 6TH |
|
Milwaukee Brewers batting - Pitching for St. Louis Cardinals : RHP Chad Steffee
|
|
Batting: RHB Yuichi Matsuoka
|
0-0: Ball 1-0: Ball 2-0: Ball 3-0: Base on Balls
|
|
Batting: RHB Kisho Ito
|
0-0: Ball Yuichi Matsuoka steals 2nd base 1-0: Ball 2-0: Ball 3-0: Base on Balls
|
|
Batting: RHB Daniel Donovan
|
0-0: Ball 1-0: Fielders Choice at 2nd, 1-4 (Groundball, 25, EV 75.6 MPH) Yuichi Matsuoka to third
|
|
Batting: RHB Jason Gee
|
0-0: Ball 1-0: Ball Daniel Donovan steals 2nd base 2-0: Ball 3-0: Called Strike 3-1: SINGLE (Groundball, 56, EV 94.4 MPH) Yuichi Matsuoka scores Daniel Donovan to third Runner from 3rd tries for Home, SAFE, throw by LF to home
|
|
Batting: SHB Jason Woods
|
0-0: Grounds into double play, U6-3 (Groundball, 4M, EV 106.2 MPH)
|
| Bottom of the 6th over - 2 runs, 1 hit, 0 errors, 0 left on base; St. Louis 1 - Milwaukee 7 |
| TOP OF THE 7TH |
|
St. Louis Cardinals batting - Pitching for Milwaukee Brewers : RHP Oleg Bahanov
|
|
Batting: RHB Bobby Scholl
|
0-0: Ball 1-0: Ball 2-0: Ball 3-0: Base on Balls
|
|
Batting: RHB Sergio Godinez
|
0-0: Called Strike 0-1: Fly out, F9 (Line Drive, 9S, EV 110.0 MPH)
|
|
Pitching: RHP Malibok Fflunker
|
|
|
Batting: RHB Rick O'Reilly
|
0-0: Foul Ball, location: 2F 0-1: SINGLE (Groundball, 4M, EV 108.1 MPH) (infield hit) Bobby Scholl to second
|
|
Pinch Hitting: LHB Zack Berney
|
0-0: Foul Ball, location: 2F 0-1: Swinging Strike 0-2: Ball 1-2: Foul Ball, location: 2F 1-2: Foul Ball, location: 2F 1-2: Strikes out swinging
|
|
Batting: RHB Nick Gentzel
|
0-0: Foul Ball, location: 2F 0-1: Ball 1-1: Ball 2-1: Ball 3-1: Fly out, F8 (Flyball, 8RXD, EV 97.5 MPH)
|
| Top of the 7th over - 0 runs, 1 hit, 0 errors, 2 left on base; St. Louis 1 - Milwaukee 7 |
| BOTTOM OF THE 7TH |
|
Milwaukee Brewers batting - Pitching for St. Louis Cardinals : RHP Chad Steffee
|
|
Now at 3B: Antoine Roux
|
|
|
Batting: RHB Adriaan Pieters
|
0-0: Ball 1-0: Ball 2-0: Ground out U3 (Groundball, 3, EV 92.5 MPH)
|
|
Batting: LHB Jeff Taylor
|
0-0: Called Strike 0-1: Ball 1-1: Ball 2-1: Foul Ball, location: 2F 2-2: Fly out, F7 (Flyball, 7, EV 94.4 MPH)
|
|
Batting: RHB Bobby Muniz
|
0-0: Ball 1-0: Ball 2-0: Foul Ball, location: 2F 2-1: Called Strike 2-2: Ground out 5-3 (Groundball, 56, EV 75.6 MPH)
|
| Bottom of the 7th over - 0 runs, 0 hits, 0 errors, 0 left on base; St. Louis 1 - Milwaukee 7 |
| TOP OF THE 8TH |
|
St. Louis Cardinals batting - Pitching for Milwaukee Brewers : RHP Malibok Fflunker
|
|
Batting: LHB Tommy Luce
|
0-0: Ball 1-0: Ball 2-0: Fly out, F9 (Line Drive, 9, EV 86.2 MPH)
|
|
Batting: LHB John Blair
|
0-0: Ground out 4-3 (Groundball, 4, EV 106.9 MPH)
|
|
Batting: LHB Ben Rubenacker
|
0-0: Ball 1-0: Ball 2-0: DOUBLE (Line Drive, 9LS, EV 91.9 MPH)
|
|
Batting: RHB Tenshou Takita
|
0-0: Called Strike 0-1: Swinging Strike 0-2: Ground out 4-3 (Groundball, 4, EV 77.5 MPH)
|
| Top of the 8th over - 0 runs, 1 hit, 0 errors, 1 left on base; St. Louis 1 - Milwaukee 7 |
| BOTTOM OF THE 8TH |
|
Milwaukee Brewers batting - Pitching for St. Louis Cardinals : RHP Chad Steffee
|
|
Batting: SHB Jean-François Bernard
|
0-0: Foul Ball, location: 2F 0-1: Foul Ball, location: 2F 0-2: Ball 1-2: DOUBLE (Line Drive, 89D, EV 98.1 MPH)
|
|
Pitching: RHP Andy Montelongo
|
|
|
Batting: RHB Yuichi Matsuoka
|
0-0: Foul Ball, location: 2F 0-1: Ball 1-1: Called Strike 1-2: Ball 2-2: Strikes out looking
|
|
Batting: RHB Kisho Ito
|
0-0: Swinging Strike 0-1: Ball 1-1: Ball 2-1: Foul Ball, location: 2F 2-2: Strikes out swinging
|
|
Batting: RHB Daniel Donovan
|
0-0: 2-RUN HOME RUN (Flyball, 7D, EV 98.1 MPH), Distance : 378 ft
|
|
Batting: RHB Jason Gee
|
0-0: Called Strike 0-1: Swinging Strike 0-2: Strikes out looking
|
| Bottom of the 8th over - 2 runs, 2 hits, 0 errors, 0 left on base; St. Louis 1 - Milwaukee 9 |
| TOP OF THE 9TH |
|
St. Louis Cardinals batting - Pitching for Milwaukee Brewers : RHP Malibok Fflunker
|
|
Batting: RHB Bobby Scholl
|
0-0: Called Strike 0-1: Ground out 6-3 (Groundball, P, EV 88.8 MPH)
|
|
Batting: RHB Sergio Godinez
|
0-0: Called Strike 0-1: Ball 1-1: Ball 2-1: Foul Ball, location: 2F 2-2: Ground out 6-3 (Groundball, 6, EV 86.9 MPH)
|
|
Batting: RHB Rick O'Reilly
|
0-0: Fly out, F9 (Flyball, 89M, EV 91.9 MPH)
|
| Top of the 9th over - 0 runs, 0 hits, 0 errors, 0 left on base; St. Louis 1 - Milwaukee 9 |
|